 Dungeon Crawl Stone Soup version 0.29-a0-275-g389c0b56f3 (webtiles) character file.

Game seed: 11376758883038411993

530 siradein the Bolt Thrower (level 7, -3/52 HPs)
             Began as a Vampire Hunter on Mar 9, 2022.
             Slain by a troll (16 damage)
             ... on level 4 of the Dungeon.
             The game lasted 00:09:35 (3604 turns).

siradein the Bolt Thrower (Vampire Hunter)          Turns: 3604, Time: 00:09:36

Health: -3/52      AC:  4    Str: 11    XL:     7   Next: 3%
Magic:  7/7        EV: 14    Int: 13    God:
Gold:   344        SH:  0    Dex: 23    Spells: 6/6 levels left

rFire   . . .      SeeInvis +   a - +1 hand crossbow
rCold   . . .      Faith    .   (no shield)
rNeg    . . .      Spirit   .   b - +0 leather armour
rPois   .          Reflect  .   h - +0 helmet
rElec   .          Harm     .   (no cloak)
rCorr   .          Rampage  .   (no gloves)
Will    .....                   (no boots)
Stlth   +++.......              q - amulet of the acrobat
HPRegen 0.37/turn               g - +6 ring of dexterity
MPRegen 0.10/turn               (no ring)

@: about to teleport, healing quickly
A: alive, fangs 3, see invisible, vampiric 2
a: Exsanguinate


You were on level 4 of the Dungeon.
You visited 1 branch of the dungeon, and saw 5 of its levels.

You collected 344 gold pieces.

Inventory:

Hand Weapons
 a - a +1 hand crossbow (weapon)
Armour
 b - a +0 leather armour (worn)
 h - a +0 helmet (worn)
Jewellery
 f - a ring of magical power
 g - a +6 ring of dexterity (left hand)
 j - a ring of wizardry
 q - an amulet of the acrobat (around neck)
Wands
 x - a wand of digging (4)
Scrolls
 c - a scroll of immolation
 i - a scroll of noise {unknown}
 k - 2 scrolls of fog {unknown}
 n - 4 scrolls of teleportation
 o - a scroll of magic mapping {unknown}
 t - a scroll of enchant weapon {unknown}
 u - a scroll of vulnerability {unknown}
Potions
 d - 4 potions of lignification
 e - 3 potions of curing
 l - 3 potions of flight
 m - 2 potions of might {unknown}
 p - a potion of mutation {unknown}
 r - a potion of resistance {unknown}
 s - a potion of heal wounds {unknown}
 v - a potion of haste {unknown}
 w - a potion of brilliance {unknown}


   Skills:
 + Level 3.2 Fighting
 * Level 5.0 Crossbows
 + Level 1.7 Armour
 + Level 4.0 Dodging
 + Level 4.8 Stealth


You had 6 spell levels left.
You didn't know any spells.
Your spell library contained the following spells:

 Spells                   Type           Power      Damage    Failure   Level
 Tukima's Dance           Hex            0%         N/A       77%         3
 Passage of Golubria      Tloc           0%         N/A       99%         4
 Fireball                 Conj/Fire      0%         3d3       100%        5
 Iskenderun's Battlesphe  Conj           0%         2d6       100%        5
 Yara's Violent Unravell  Hex/Tmut       0%         3d3       100%        5
 Conjure Ball Lightning   Conj/Air       0%         3x3d6     100%        6
 Orb of Destruction       Conj           0%         9d5       100%        7


Dungeon Overview and Level Annotations

Branches:
Dungeon (5/15)
 Temple: D:4-7

Altars:
Ru


Innate Abilities, Weirdness & Mutations

Your natural rate of healing is accelerated.
You have razor-sharp teeth.
You have supernaturally acute eyesight. (SInv)
You are afflicted with vampirism and can become a bat while bloodless.


Message History

The bolt hits the ogre but does no damage.
The ogre is moderately wounded.
The ogre attacks as you move away! The ogre completely misses you.
The ogre attacks as you move away! The ogre completely misses you.
There is a stone staircase leading up here.
You climb upwards.
There is a stone staircase leading down, spattered with blood here.
There is a stone staircase leading down here.
You climb downwards.
There is a stone staircase leading up here.
You shoot a bolt. The troll shouts!
The bolt hits the troll.
The troll is lightly wounded.
You shoot a bolt.
The bolt hits the troll but does no damage.
The troll is lightly wounded.
You shoot a bolt. The bolt hits the troll.
The troll is lightly wounded.
The troll closely misses you. x2; The troll claws you.
You climb upwards.
There is a stone staircase leading down here.
The troll attacks as you move away! The troll misses you.
The troll closely misses you. The troll barely misses you.
The troll attacks as you move away! The troll misses you. x3
The troll attacks as you move away! The troll bites you!!
The troll completely misses you. x2
The troll attacks as you move away! The troll completely misses you.
The troll misses you. The troll completely misses you.
The troll attacks as you move away! The troll bites you!
The troll barely misses you. The troll closely misses you.
The troll attacks as you move away! The troll misses you.
The troll closely misses you. x2
The troll attacks as you move away! The troll closely misses you.
The troll claws you!
* * * LOW HITPOINT WARNING * * *
The troll completely misses you.
As you read the scroll of teleportation, it crumbles to dust.
You feel strangely unstable. The troll bites you!
You die...

#.....>...# ##..# ##.#.# ##
#.........###..## ######..#.#
#.........#.....###......##.#
#.........#..<<.##..#######.#
###.......##.....##.## #.# ##
.........###..[..##.# #.###.
.(.......# #........########.#...
.........###......#..............
...............T@...####...)..###
###..######.....######....##.##
###..# #...#######....####.#
.>...#####...## #...#.## #.#
###.....##.#..# #.##..# #.#
.....##.....#.####.#..## #.#
##...###..#.#......#.## ##.####
##...........###....# ##......
#..##.#...#..##...#### #..#.###


You could see a troll.

Vanquished Creatures
  An ogre (D:4)
  A phantom (D:3)
  A scorpion (D:4)
  2 orc priests (D:3)
  2 iguanas
  2 orc wizards
  3 gnolls
  2 adders
  2 ufetubi
  A worm (D:3)
  A dart slug (D:1)
  14 orcs
  5 bats
  8 endoplasms
  3 giant cockroaches
  7 goblins
  6 hobgoblins
  2 quokkas
  6 ball pythons
  5 frilled lizards
  8 kobolds
  7 rats
89 creatures vanquished.

Notes
Turn   | Place    | Note
-------+----------+-------------------------------------------
     0 | D:1      | siradein the Vampire Hunter began the quest for the Orb.
     0 | D:1      | Reached XP level 1. HP: 16/16 MP: 1/1
   106 | D:1      | Reached XP level 2. HP: 22/22 MP: 2/2
   120 | D:1      | Found a faded altar of an unknown god.
   312 | D:1      | Gained mutation: You are afflicted with vampirism and can
                  | become a bat while bloodless. [Vampire growth]
   312 | D:1      | Reached XP level 3. HP: 27/27 MP: 3/3
  1362 | D:2      | Reached XP level 4. HP: 22/34 MP: 4/4
  1546 | D:3      | Reached skill level 4 in Crossbows
  1700 | D:3      | Reached XP level 5. HP: 39/39 MP: 5/5
  1911 | D:3      | Reached skill level 1 in Armour
  2227 | D:3      | Found a sacrificial altar of Ru.
  2268 | D:4      | Noticed a phantom
  2427 | D:3      | Killed a phantom
  2428 | D:3      | Reached XP level 6. HP: 12/46 MP: 6/6
  3154 | D:5      | Entered Level 5 of the Dungeon
  3410 | D:5      | Reached skill level 5 in Crossbows
  3410 | D:5      | Reached XP level 7. HP: 52/52 MP: 7/7
  3463 | D:5      | Noticed a troll
  3604 | D:4      | Slain by a troll

Illustrated notes

Levels and vault maps discovered:
D:1:      dpeg_arrival_arbitrary_b, layout_basic,
          dreamdust_ecumenical_altar_statues, hex_tiny, minmay_liquid_box,
          st_stairs_12, minmay_distorted
D:2:      layout_basic
D:3:      layout_rooms, nicolae_ru_path_of_blood, bh_walls_and_bars
D:4:      layout_rooms
D:5:      layout_cave_pools

Skill      XL: |  1  2  3  4  5  6 |
---------------+-------------------+-----
Stealth        | 2 3 4 |  4.8
Fighting       | 2 3 |  3.2
Crossbows      | 4 5 |  5.0
Dodging        | 3 4 |  4.0
Armour         | 1 |  1.7

Action                   |  1- 3 |  4- 6 |  7- 9 || total
-------------------------+-------+-------+-------++-------
 Fire: Hand crossbow     |   103 |   166 |    11 ||   280
  Use: Scroll            |       |     4 |     1 ||     5
Armor: Leather armour    |    11 |    15 |       ||    26
Dodge: Dodged            |    21 |   114 |    25 ||   160

Table legend: (Time is in decaauts)
 A = Elapsed time spent in this place.
 B = Non-inter-level travel time spent in this place.
 C = Inter-level travel time spent in this place.
 D = Time resting spent in this place.
 E = Time spent auto-exploring this place.
 F = Levels seen in this place.
 G = Mean time per level.
                   A        B        C        D        E       F      G
               +--------+--------+--------+--------+--------+-----+--------+
         Total |   3705 |   3600 |    105 |    447 |   2089 |   5 |  741.0 |
       Dungeon |   3705 |   3600 |    105 |    447 |   2089 |   5 |  741.0 |
               +--------+--------+--------+--------+--------+-----+--------+

Top non-repeatable levels by time:
     D:3: 1037 daAuts
     D:4: 893 daAuts
     D:1: 823 daAuts
     D:2: 811 daAuts
     D:5: 140 daAuts
